 Dungeon Crawl Stone Soup version 0.25-a0-339-gb37b713d4c (webtiles) character file.

Game seed: 13759547816126450751, levelgen mode: deterministic

207 Error4North the Shield-Bearer (level 5, -3/46 HPs)
             Began as a Hill Orc Fighter on Dec 28, 2019.
             Slain by a worm (9 damage)
             ... on level 3 of the Dungeon.
             The game lasted 00:10:18 (2629 turns).

Error4North the Shield-Bearer (Hill Orc Fighter)    Turns: 2629, Time: 00:10:20

Health: -3/46      AC:  7    Str: 20    XL:     5   Next: 85%
Magic:  6/6        EV:  7    Int:  8    God:
Gold:   135        SH:  9    Dex: 10    Spells: 6/6 levels left

rFire    . . .     SeeInvis .   a - +0 war axe
rCold    . . .     Gourm    .   c - +0 shield
rNeg     . . .     Faith    .   b - +0 scale mail
rPois    .         Spirit   .   (no helmet)
rElec    .         Reflect  .   (no cloak)
rCorr    .         Harm     .   (no gloves)
MR       .....                  (no boots)
Stlth    ..........             (no amulet)
HPRegen  0.15/turn              (no ring)
MPRegen  0.10/turn              (no ring)

@: hasted, very quick
A: no striking features
a: Convert to Beogh


You were on level 3 of the Dungeon.
You were not hungry.

You visited 1 branch of the dungeon, and saw 4 of its levels.

You collected 135 gold pieces.

Inventory:

Hand Weapons
 a - a +0 war axe (weapon)
 e - a +0 hunting sling
Missiles
 g - 41 stones (quivered)
 n - 32 sling bullets
Armour
 b - a +0 scale mail (worn)
 c - a +0 shield (worn)
Jewellery
 i - an uncursed amulet of regeneration {unknown}
Wands
 j - a wand of random effects (22)
Scrolls
 d - 3 scrolls of teleportation {unknown}
 h - 3 scrolls of remove curse {unknown}
 k - a scroll of noise {unknown}
 l - a scroll of immolation {unknown}
Potions
 m - 2 potions of haste
 p - a potion of berserk rage {unknown}
Comestibles
 f - 8 rations
 o - a chunk of flesh


   Skills:
 + Level 4.2 Fighting
 + Level 3.7 Axes
 + Level 1.3 Slings
 * Level 4.2 Armour
 + Level 0.2 Dodging
 * Level 4.7 Shields
 * Level 1.1 Spellcasting


You had 6 spell levels left.
You didn't know any spells.
Your spell library was empty.

Dungeon Overview and Level Annotations

Branches:
Dungeon (4/15)
 Temple: D:4-7

Altars:
Uskayaw
The Shining One


Message History

The orc priest shouts, "Surrender to Beogh and we'll let you live!"
You slash the worm! The orc hits you with a +0 morningstar!
The jackal bites you but does no damage.
The orc barely misses you.
The orc priest calls down the wrath of Beogh upon you.
Beogh smites you!
* * * LOW HITPOINT WARNING * * *
The quasit bites you.
* * * LOW HITPOINT WARNING * * *
The quasit claws you.
* * * LOW HITPOINT WARNING * * *
The quasit claws you but does no damage.
You hit the orc priest.
The orc priest is almost dead.
You hit the worm but do no damage. You slash the jackal!
You kill the jackal!
You slash the orc!
You kill the orc!
You closely miss the quasit. You block the orc's attack. The worm bites you!
You die...

#...........#.#
#.............#
#.......##).###### .
#######.##..'.#)$#
(#
#######.##..).#[?#
.(#
........###.###..#
...
###########...#gK#
.. #
.....#..#.#w'#o#...#
#.......o@)..?..#
#.######5######>$
... #.# ### #.. ####


You could see a worm, an orc priest, a quasit, an orc, a hobgoblin and a kobold.

Vanquished Creatures
  A hound (D:4)
  An orc wizard (D:4)
  Ijyb (D:4)
  An iguana (D:4)
  2 adders
  3 oozes
  2 worms (D:2)
  3 dart slugs
  A leopard gecko (D:1)
  5 orcs
  3 giant cockroaches
  4 goblins
  5 hobgoblins
  A jackal (D:3)
  A quokka (D:2)
  2 ball pythons
  8 bats
  4 frilled lizards
  6 kobolds
  3 rats (D:1)
57 creatures vanquished.

Notes
Turn   | Place    | Note
-------+----------+-------------------------------------------
     0 | D:1      | Error4North the Hill Orc Fighter began the quest for the
                  | Orb.
     0 | D:1      | Reached XP level 1. HP: 19/19 MP: 1/1
    84 | D:1      | Reached XP level 2. HP: 27/27 MP: 2/2
   368 | D:1      | Reached XP level 3. HP: 33/33 MP: 3/3
   671 | D:2      | You fall into a shaft and drop 2 floors!
   672 | D:4      | Noticed an ogre
   687 | D:4      | Noticed Ijyb
   707 | D:4      | Noticed a scorpion
   717 | D:3      | You fall into a shaft and drop 1 floor!
   741 | D:4      | Reached skill level 1 in Slings
   968 | D:4      | Reached XP level 4. HP: 3/40 MP: 3/5
  1348 | D:4      | Reached skill level 1 in Spellcasting
  1396 | D:4      | Killed Ijyb
  1396 | D:4      | Reached XP level 5. HP: 36/46 MP: 6/6
  1666 | D:2      | Found a glowing golden altar of the Shining One.
  2233 | D:2      | Noticed a +0 dagger
  2233 | D:2      | Noticed a +0 hand axe
  2237 | D:2      | Found a hide-covered altar of Uskayaw.
  2629 | D:3      | Slain by a worm

Levels and vault maps discovered:
D:1:      lightli_arrival_windingriver, layout_basic, minivault_24
D:2:      layout_rooms, tso_metal_star, dancing_weapons_uskayaw, first_ration
D:3:      layout_basic, chequers_temple_overflow_minitemple,
          chequers_ecumenical_altar_grove, minivault_27, minmay_mini_jars,
          uniq_jessica
D:4:      layout_loops_ring, lemuel_coloured_pillars_altar, serial_shops, shop,
          uniq_crazy_yiuf_cottage, uniq_ijyb, uniq_duvessa

Skill      XL: |  1  2  3  4  5 |
---------------+----------------+-----
Axes           | 3 |  3.7
Slings         | 1 |  1.3
Shields        | 4 |  4.7
Spellcasting   | 1 |  1.1
Fighting       | 4 |  4.2
Armour         | 4 |  4.2
Dodging        | |  0.2

Action                   |  1- 3 |  4- 6 || total
-------------------------+-------+-------++-------
Melee: War axe           |    60 |   133 ||   193
 Fire: Hunting sling     |    25 |    16 ||    41
Throw: Stone             |     2 |       ||     2
  Use: Potion            |     3 |     1 ||     4
  Eat: Chunk             |       |     6 ||     6
Armor: Scale mail        |    55 |    61 ||   116
Dodge: Dodged            |    30 |    35 ||    65
Block: Shield            |    50 |    79 ||   129

Table legend:
 A = Non-vault XP
 B = Vault XP
 C = Vault XP percentage of total XP
 D = Non-vault monster count
 E = Vault monster count
 F = Vault count percentage of total count
                 A         B        C        D         E       F
            +---------+---------+-------+---------+---------+-------
      Total |     256 |      41 |  13.8 |      53 |       4 |   7.0
            +---------+---------+-------+---------+---------+-------
        D:1 |      39 |       0 |   0.0 |      18 |       0 |   0.0
        D:2 |      54 |       0 |   0.0 |      19 |       0 |   0.0
        D:3 |      24 |       5 |  17.2 |       8 |       3 |  27.3
        D:4 |     139 |      36 |  20.6 |       8 |       1 |  11.1
            +---------+---------+-------+---------+---------+-------
